[Event "59th BRA-ch Women 2020"]
[Site "Rio de Janeiro"]
[Date "2020.01.11"]
[Round "1.1"]
[White "Gazola, Vanessa Ramos"]
[Black "Tamarozi, Isabelle"]
[Result "1-0"]
[ECO "E81"]
[WhiteElo "1996"]
[BlackElo "1978"]
[Annotator "NA"]
[PlyCount "55"]
[EventDate "2020.01.11"]
[EventType "k.o."]
[EventCountry "BRA"]
[SourceTitle "playchess.com"]
[Source "ChessBase"]
[SourceQuality "1"]
[TimeControl "5400+30"]

1. d4 Nf6 2. c4 g6 3. Nc3 Bg7 4. e4 d6 5. f3 O-O 6. Bg5 e5 7. dxe5 dxe5 8. Qxd8 Rxd8 9. Nd5 Nxd5 {[%emt 0:04:00] E81: King's Indian: Sämisch: 6th move deviations (including 6 Be3 c6)} 10. Bxd8 Nb4 (10... Ne3 11. Kf2 Nxf1 12. Rxf1 Na6 13. Rd1 Be6 14. b3 Bf8 15. Bg5 Nb4 16. Rd2 c5 17. Ne2 {1-0 (42) Rios,C (2540)-Gonzalez Parejo,R (2152) Quibdo 2015}) 11. O-O-O Nxa2+ 12. Kb1 Nb4 13. Bxc7 N8c6 14. Ne2 Be6 $146 ({Predecessor:} 14... f5 15. Nc3 Nd4 16. Nd5 Bd7 17. Nxb4 {1-0 (17) Soln,P (2280)-Wuerschinger,W (1800) Finkenstein 1995}) 15. Nc3 Nd4 16. Bd6 a5 17. Nd5 Nxd5 18. cxd5 Bd7 19. Rc1 Ba4 20. Rc7 b5 21. Bd3 h5 22. Rhc1 Nb3 23. Rc8+ $18 Rxc8 24. Rxc8+ Kh7 25. Bc2 Nd2+ 26. Ka2 Bxc2 27. Rxc2 Nc4 28. Rxc4 1-0

[Event "59th BRA-ch Women 2020"]
[Site "Rio de Janeiro"]
[Date "2020.01.11"]
[Round "1.1"]
[White "Vieira, Julia"]
[Black "Terao, Juliana Sayumi"]
[Result "0-1"]
[ECO "A03"]
[WhiteElo "1779"]
[BlackElo "2232"]
[Annotator "ChessBase"]
[PlyCount "52"]
[EventDate "2020.01.11"]
[EventType "k.o."]
[EventCountry "BRA"]
[SourceTitle "playchess.com"]
[Source "ChessBase"]
[SourceQuality "1"]
[TimeControl "5400+30"]

1. f4 c5 2. Nf3 e6 3. g3 d5 4. Bg2 Nc6 5. O-O Nf6 6. d3 Be7 7. Qe1 O-O 8. h3 b5 9. a4 b4 10. Nbd2 Ba6 11. g4 Rc8 12. c3 Bd6 13. g5 Nh5 14. Qh4 Nxf4 15. Rf2 Ng6 16. Qh5 Bg3 17. Nf1 Bxf2+ 18. Kxf2 e5 19. Ng3 Qd7 20. Bd2 bxc3 21. Bxc3 Rce8 22. Rf1 f5 23. gxf6 Rxf6 24. Kg1 Nf4 25. Qh4 Rg6 26. Nxe5 Nxg2 0-1

[Event "59th BRA-ch Women 2020"]
[Site "Rio de Janeiro"]
[Date "2020.01.12"]
[Round "1.2"]
[White "Terao, Juliana Sayumi"]
[Black "Vieira, Julia"]
[Result "1-0"]
[ECO "B03"]
[WhiteElo "2232"]
[BlackElo "1779"]
[Annotator "NA"]
[PlyCount "87"]
[EventDate "2020.01.11"]
[EventType "k.o."]
[EventCountry "BRA"]
[SourceTitle "playchess.com"]
[Source "ChessBase"]
[SourceQuality "1"]
[TimeControl "5400+30"]

1. e4 Nf6 2. e5 Nd5 3. d4 d6 4. c4 Nb6 5. exd6 cxd6 6. Nc3 g6 7. Be3 Bg7 8. Rc1 O-O 9. b3 e5 10. dxe5 dxe5 11. Qxd8 Rxd8 12. c5 N6d7 13. Nf3 Nc6 14. Bc4 Na5 15. Be2 Nf8 16. O-O Ne6 17. Rfd1 Bd7 18. b4 Nc6 19. Nd5 Ncd4 20. Bc4 Nxf3+ 21. gxf3 Kf8 22. f4 Ba4 23. Rd3 e4 24. Rd2 Rac8 25. Nc3 Rxd2 26. Bxd2 Rd8 27. Be3 Bxc3 28. Rxc3 Rd1+ 29. Kg2 Nd4 30. Bxd4 Rxd4 31. b5 f5 32. Be2 Ke7 33. c6 Rd8 34. Ra3 Bc2 35. Rxa7 Bd3 36. Rxb7+ Ke6 37. Bd1 e3 38. fxe3 Be4+ 39. Bf3 Rd2+ 40. Kg3 Bxf3 41. Kxf3 Rxh2 42. c7 Kd7 43. b6 Rxa2 44. Rb8 1-0

[Event "59th BRA-ch Women 2020"]
[Site "Rio de Janeiro"]
[Date "2020.01.12"]
[Round "1.2"]
[White "Librelato, Kathie Goulart"]
[Black "Medeiros, Thauane Ferreira"]
[Result "1-0"]
[ECO "B43"]
[WhiteElo "2175"]
[BlackElo "1971"]
[Annotator "ChessBase"]
[PlyCount "47"]
[EventDate "2020.01.11"]
[EventType "k.o."]
[EventCountry "BRA"]
[SourceTitle "playchess.com"]
[Source "ChessBase"]
[SourceQuality "1"]
[TimeControl "5400+30"]

1. e4 c5 2. Nf3 d6 3. d4 cxd4 4. Nxd4 Nf6 5. Nc3 Nc6 6. Nb3 a6 7. Bd3 e6 8. O-O Be7 9. f4 O-O 10. Qf3 Qc7 11. Bd2 b5 12. Rae1 Bb7 13. Qh3 Nd7 14. Re3 Rfe8 15. Rg3 Nb4 16. Nxb5 axb5 17. Bxb4 e5 18. Kh1 Bc6 19. Qh6 g6 20. Rh3 Nf8 21. f5 Qd8 22. fxg6 Bg5 23. gxf7+ Kh8 24. fxe8=Q 1-0

[Event "59th BRA-ch Women 2020"]
[Site "Rio de Janeiro"]
[Date "2020.01.12"]
[Round "1.2"]
[White "Tamarozi, Isabelle"]
[Black "Gazola, Vanessa Ramos"]
[Result "1/2-1/2"]
[ECO "B33"]
[WhiteElo "1978"]
[BlackElo "1996"]
[Annotator "NA"]
[PlyCount "70"]
[EventDate "2020.01.11"]
[EventType "k.o."]
[EventCountry "BRA"]
[SourceTitle "playchess.com"]
[Source "ChessBase"]
[SourceQuality "1"]
[TimeControl "5400+30"]

1. e4 c5 2. Nf3 Nc6 3. d4 cxd4 4. Nxd4 Nf6 5. Nc3 e5 6. Ndb5 d6 7. Bg5 a6 8. Na3 b5 9. Nd5 Be7 10. Bxf6 Bxf6 11. c4 b4 12. Nc2 a5 13. g3 {[%emt 0:08:22] B33: Sicilian: Pelikan and Sveshnikov Variations} O-O 14. Bg2 Bg5 15. O-O Be6 (15... Ne7 16. Nce3 Bxe3 17. Nxe3 Be6 18. b3 Ra7 19. Qd3 {½-½ (52) Nepomniachtchi,I (2776)-Yu,Y (2763) Khanty-Mansiysk 2019}) 16. b3 Ne7 17. f4 Bxd5 18. fxg5 Be6 19. Qd2 $146 ({Predecessor:} 19. h4) 19... Qb6+ 20. Kh1 Rfd8 21. Qf2 Qxf2 22. Rxf2 Nc6 23. Bf3 Kf8 24. Rd2 Ke7 25. Ne3 Nd4 26. Bd1 Ra7 27. Kg2 Rh8 28. Rc1 $11 Rc8 29. h3 Rac7 30. Nc2 Nxc2 31. Bxc2 Rc5 32. Rcd1 R8c6 33. g4 Ra6 34. Kf3 Rc8 35. Bd3 Rc5 1/2-1/2

[Event "59th BRA-ch Women 2020"]
[Site "Rio de Janeiro"]
[Date "2020.01.12"]
[Round "1.2"]
[White "Ribeiro, Regina"]
[Black "Alboredo, Julia"]
[Result "0-1"]
[ECO "A04"]
[WhiteElo "1890"]
[BlackElo "2190"]
[Annotator "ChessBase"]
[PlyCount "94"]
[EventDate "2020.01.11"]
[EventType "k.o."]
[EventCountry "BRA"]
[SourceTitle "playchess.com"]
[Source "ChessBase"]
[SourceQuality "1"]
[TimeControl "5400+30"]

1. Nf3 c5 2. g3 g6 3. Bg2 Bg7 4. O-O Nc6 5. d3 d6 6. e4 e6 7. c3 Nge7 8. Be3 e5 9. a3 O-O 10. b4 b6 11. b5 Na5 12. c4 f5 13. Bd2 fxe4 14. Ng5 Rb8 15. Bxa5 bxa5 16. dxe4 h6 17. Nf3 Be6 18. Qd3 Nc8 19. Nc3 Nb6 20. Nd2 Qd7 21. a4 h5 22. Nd5 Rbc8 23. Nb3 Bxd5 24. exd5 e4 25. Bxe4 Bxa1 26. Rxa1 Qg7 27. Bxg6 Nxc4 28. Qxc4 Qxg6 29. Nxa5 Rxf2 30. Kxf2 Qf6+ 31. Qf4 Qb2+ 32. Kg1 Qxa1+ 33. Kg2 Qa2+ 34. Kh3 Qxd5 35. Nc6 Rc7 36. Qf6 Qf7 37. Qxd6 Qd7+ 38. Qxd7 Rxd7 39. a5 Rc7 40. Kg2 Kf7 41. Kf3 Ke6 42. Ke4 Kd6 43. a6 Rg7 44. h3 Rxg3 45. Nxa7 Rb3 46. Nc8+ Kc7 47. a7 Ra3 0-1

[Event "59th BRA-ch Women 2020"]
[Site "Rio de Janeiro"]
[Date "2020.01.14"]
[Round "2.2"]
[White "Gazola, Vanessa Ramos"]
[Black "Terao, Juliana Sayumi"]
[Result "0-1"]
[ECO "A47"]
[WhiteElo "1996"]
[BlackElo "2232"]
[Annotator "ChessBase"]
[PlyCount "90"]
[EventDate "2020.01.11"]
[EventType "k.o."]
[EventCountry "BRA"]
[SourceTitle "playchess.com"]
[Source "ChessBase"]
[SourceQuality "1"]
[TimeControl "1500+10"]

1. d4 Nf6 2. Nf3 e6 3. g3 c5 4. e3 b6 5. Bg2 Bb7 6. O-O Be7 7. b3 O-O 8. Bb2 cxd4 9. exd4 Nc6 10. Nbd2 d5 11. Ne5 Rc8 12. Re1 Ba6 13. c3 Nxe5 14. dxe5 Nd7 15. c4 dxc4 16. Nxc4 Bxc4 17. bxc4 Rxc4 18. Bf1 Rc7 19. Qg4 Rc2 20. Bd4 Bb4 21. Bd3 Rd2 22. Red1 Nc5 23. Bxc5 bxc5 24. Qe4 g6 25. Rxd2 Bxd2 26. Rd1 Bc3 27. Be2 Bd4 28. Rb1 Qa5 29. Bc4 Qc3 30. Qd3 Bxe5 31. Rb7 Qxd3 32. Bxd3 Rd8 33. Bb5 a5 34. a4 Kf8 35. Ra7 Bc3 36. Rc7 Rd5 37. Kg2 Rd2 38. Rxc5 Bd4 39. Rc8+ Kg7 40. Ra8 Rxf2+ 41. Kh3 Bc3 42. Ra7 h5 43. Bc4 e5 44. g4 hxg4+ 45. Kxg4 Rf4+ 0-1

[Event "59th BRA-ch Women 2020"]
[Site "Rio de Janeiro"]
[Date "2020.01.17"]
[Round "3.3"]
[White "Alboredo, Julia"]
[Black "Terao, Juliana Sayumi"]
[Result "1-0"]
[ECO "C54"]
[WhiteElo "2190"]
[BlackElo "2232"]
[Annotator "ChessBase"]
[PlyCount "61"]
[EventDate "2020.01.11"]
[EventType "k.o."]
[EventCountry "BRA"]
[SourceTitle "playchess.com"]
[Source "ChessBase"]
[SourceQuality "1"]
[TimeControl "40/5400+30:1800+30"]

1. e4 e5 2. Nf3 Nc6 3. d4 exd4 4. Bc4 Bc5 5. c3 Nf6 6. e5 d5 7. Be2 Ne4 8. cxd4 Bb6 9. O-O O-O 10. Nc3 Bg4 11. Be3 Nxc3 12. bxc3 f6 13. exf6 Qxf6 14. Qb3 Qd6 15. Rfe1 Na5 16. Qc2 Bxf3 17. Bxf3 c6 18. Be2 Nc4 19. Bd3 g6 20. Bg5 Rfe8 21. h4 Re6 22. Re2 Bd8 23. Rae1 Rxe2 24. Qxe2 Bxg5 25. hxg5 b5 26. Qg4 Rf8 27. Re6 Qa3 28. Bxg6 Kg7 29. Qh5 Qc1+ 30. Kh2 Qf4+ 31. Kh3 1-0

[Event "59th BRA-ch Women 2020"]
[Site "Rio de Janeiro"]
[Date "2020.01.18"]
[Round "3.4"]
[White "Terao, Juliana Sayumi"]
[Black "Alboredo, Julia"]
[Result "1-0"]
[ECO "A36"]
[WhiteElo "2232"]
[BlackElo "2190"]
[Annotator "ChessBase"]
[PlyCount "61"]
[EventDate "2020.01.11"]
[EventType "k.o."]
[EventCountry "BRA"]
[SourceTitle "playchess.com"]
[Source "ChessBase"]
[SourceQuality "1"]
[TimeControl "40/5400+30:1800+30"]

1. e4 c5 2. c4 Nc6 3. Ne2 e5 4. g3 g6 5. Bg2 Bg7 6. d3 Nge7 7. Nbc3 O-O 8. O-O d6 9. Rb1 Be6 10. a3 Qd7 11. b4 Nd8 12. Be3 Rc8 13. Qd2 f5 14. bxc5 dxc5 15. Nd5 b6 16. Rfe1 Nf7 17. Nec3 Nc6 18. a4 Nd6 19. Nb5 Bxd5 20. exd5 Nb4 21. f4 a6 22. Nxd6 Qxd6 23. Kh1 a5 24. Re2 Rfe8 25. Rbe1 Kf7 26. fxe5 Bxe5 27. Bg5 Na6 28. Bf3 Nb8 29. g4 f4 30. Rxe5 Rxe5 31. Qxf4+ 1-0